 Dungeon Crawl Stone Soup version 0.25-a0-517-gf8b3a32422 (webtiles) character file.

Game seed: 16362684417892112582, levelgen mode: classic

15554 EnegeticOcto the Cleaver (level 12, -3/115 HPs)
             Began as a Deep Dwarf Fighter on Feb 17, 2020.
             Was a High Priest of Makhleb.
             Splashed by a brown ugly thing's acid (6 damage)
             ... on level 11 of the Dungeon.
             The game lasted 00:05:45 (6402 turns).

EnegeticOcto the Cleaver (Deep Dwarf Fighter)       Turns: 6402, Time: 00:05:46

Health: -3/115     AC:  0    Str: 31    XL:     12   Next: 2%
Magic:  9/9        EV: 11    Int:  9    God:    Makhleb [*****.]
Gold:   481        SH: 13    Dex: 12    Spells: 11/11 levels left

rFire    + . .     SeeInvis .   s - +5 hand axe (protect)
rCold    . . .     Gourm    .   c - +1 kite shield
rNeg     . . .     Faith    .   o - +0 chain mail
rPois    +         Spirit   .   (no helmet)
rElec    .         Reflect  .   y - +0 cloak
rCorr    .         Harm     .   (no gloves)
MR       +....                  g - +0 pair of boots
Stlth    ..........             (no amulet)
HPRegen  0.00/turn              C - ring "Gaiss" {rPois rF+}
MPRegen  0.11/turn              x - +6 ring of strength

@: corroded, protection aura, non-regenerating, studying Hexes
A: damage resistance, heal wounds, sense surroundings 2, no regeneration
a: Heal Wounds, Minor Destruction, Lesser Servant of Makhleb, Major Destruction,
Greater Servant of Makhleb, Renounce Religion


You were on level 11 of the Dungeon.
You worshipped Makhleb.
Makhleb was extremely pleased with you.
You were not hungry.

You visited 2 branches of the dungeon, and saw 12 of its levels.

You collected 481 gold pieces.

Inventory:

Hand Weapons
 s - a +5 hand axe of protection (weapon)
Missiles
 h - 2 throwing nets (quivered)
Armour
 c - a +1 kite shield (worn)
 g - a +0 pair of boots (worn)
 o - a +0 chain mail (worn)
 y - a +0 cloak (worn)
Jewellery
 x - a +6 ring of strength (right hand)
 z - a +1 ring of protection
 C - the ring "Gaiss" (left hand) {rPois rF+}
   (You found it on level 10 of the Dungeon)

   [ring of protection from fire]

   It protects you from fire.
   It protects you from poison.
Wands
 p - a wand of disintegration (19)
 t - a wand of polymorph (5)
 D - a wand of acid (11) {@V1}
 F - a wand of flame (15)
Scrolls
 f - 3 scrolls of teleportation {@r2}
 m - 4 scrolls of enchant weapon
 r - 3 scrolls of remove curse {@r6}
 w - 2 scrolls of enchant armour
 A - a scroll of fear
 E - a scroll of blinking {@r3}
Potions
 a - a potion of agility {unknown}
 b - a potion of ambrosia {unknown}
 d - a potion of invisibility {unknown}
 i - 4 potions of curing {unknown}
 j - 2 potions of magic
 k - a potion of might {@q3}
 l - a potion of brilliance {unknown}
 n - a potion of haste {@q4}
 q - a potion of flight {unknown}
 v - a potion of degeneration {unknown}
Books
 u - a manual of Hexes
Comestibles
 e - 12 rations
 B - 18 chunks of flesh


   Skills:
 * Level 9.4 Fighting
 * Level 10.8 Axes
 + Level 8.3 Armour
 + Level 7.4 Dodging
 + Level 8.3 Shields
 * Level 10.0 Invocations


You had 11 spell levels left.
You didn't know any spells.
Your spell library contained the following spells:

 Spells                   Type           Power        Failure   Level  Hunger
 Magic Dart               Conj           #...         98%         1    ##.....
 Blink                    Tloc           N/A          99%         2    ###....
 Call Imp                 Summ           #.......     99%         2    ###....
 Slow                     Hex            #.......     99%         2    ###....
 Confusing Touch          Hex            #.......     100%        3    ####...
 Conjure Flame            Conj/Fire      #.......     100%        3    ####...
 Gell's Gravitas          Tloc           #.........   100%        3    ####...
 Ignite Poison            Fire/Tmut/Pois #.......     100%        3    ####...
 Mephitic Cloud           Conj/Pois/Air  #.......     100%        3    ####...
 Petrify                  Tmut/Erth      #.......     100%        4    #####..
 Fireball                 Conj/Fire      #.........   100%        5    ######.
 Metabolic Englaciation   Hex/Ice        #.........   100%        5    ######.
 Yara's Violent Unravell  Hex/Tmut       #.........   100%        5    ######.
 Starburst                Conj/Fire      #.........   100%        6    #######
 Ring of Flames           Chrm/Fire      #.........   100%        7    #######
 Ignition                 Fire           #.........   100%        8    #######


Dungeon Overview and Level Annotations

Branches:
Dungeon (11/15)            Temple (1/1) D:6            Lair (0/6) D:9
    Orc (0/2) D:11

Altars:
Cheibriados
Fedhas
Kikubaaqudgha
Makhleb
Nemelex Xobeh
Okawaru
Ru
Sif Muna
Trog
Wu Jian
Xom
Yredelemnul
The Shining One
Jiyva

Annotations:
D:6 1 runed translucent door, kae's ghost, novice DsGl


Innate Abilities, Weirdness & Mutations

You are resistant to damage.
You can heal yourself by infusing magical energy.
You passively map the area around you.
You do not regenerate.


Message History

You hit the rust devil.
You hit the kobold demonologist but do no damage.
You miss the ufetubus. You hit the chaos spawn.
You block the ufetubus's attack. The ufetubus closely misses you.
The kobold demonologist hits you but does no damage.
The ynoxinul gestures.
The chaos spawn gores you but does no damage.
The brown ugly thing bites you.
You are splashed with acid!
You barely miss the brown ugly thing.
The brown ugly thing is moderately wounded.
You hit the rust devil but do no damage.
Your shield and chain mail prevent you from hitting the kobold demonologist.
You closely miss the ufetubus.
Your chain mail prevents you from hitting the ufetubus.
Your chain mail prevents you from hitting the chaos spawn.
You block the ufetubus's attack. x2; You block the rust devil's attack.
The kobold demonologist hits you but does no damage.
The ynoxinul gestures.
You completely miss the brown ugly thing.
The brown ugly thing is moderately wounded.
You hit the rust devil but do no damage.
You miss the kobold demonologist. You slash the ufetubus!
You kill the ufetubus!
You closely miss the ufetubus. You hit the manticore.
You hit the chaos spawn but do no damage.
The ufetubus hits you. The ufetubus closely misses you.
The brown ugly thing closely misses you.
The chaos spawn gores you but does no damage.
The rust devil barely misses you.
The kobold demonologist closely misses you.
You block the ufetubus's attack.
The ufetubus hits you but does no damage.
You slash the brown ugly thing!
The brown ugly thing is heavily wounded.
You slash the chaos spawn! You hit the manticore but do no damage.
You hit the ufetubus but do no damage. You hit the ufetubus.
You hit the kobold demonologist.
You hit the rust devil but do no damage.
You hit the ufetubus but do no damage. The ufetubus barely misses you.
You block the ufetubus's attack. The ufetubus closely misses you.
The ufetubus barely misses you. The brown ugly thing bites you!
The acid corrodes you!
You are splashed with acid!
The chaos spawn barely misses you. The rust devil hits you.
The rust devil corrodes you! The ufetubus hits you.
The ufetubus hits you but does no damage.
You block the kobold demonologist's attack.
You block the manticore's attack. The manticore misses you.
The manticore completely misses you.
You slash the brown ugly thing!
The brown ugly thing is heavily wounded.
You hit the ufetubus but do no damage.
You hit the rust devil but do no damage.
You hit the kobold demonologist but do no damage.
You hit the ufetubus but do no damage. You closely miss the ufetubus.
You hit the manticore but do no damage. You slash the chaos spawn!
You block the ufetubus's attack. x2; The ufetubus closely misses you.
You block the ufetubus's attack. The ufetubus barely misses you.
The ufetubus closely misses you. The brown ugly thing bites you!
You are splashed with acid!
The chaos spawn gores you! The rust devil hits you.
The rust devil corrodes you! The ufetubus hits you. The ufetubus misses you.
The kobold demonologist hits you with a +0 dagger.
You hit the brown ugly thing but do no damage.
The brown ugly thing is heavily wounded.
Your shield and chain mail prevent you from hitting the ynoxinul.
You barely miss the rust devil. You hit the kobold demonologist.
You hit the ufetubus but do no damage. You closely miss the ufetubus.
You barely miss the manticore.
You hit the chaos spawn but do no damage.
You block the ufetubus's attack. The ufetubus hits you.
The manticore bites you!! You block the manticore's attack.
The manticore claws you!
You block the brown ugly thing's attack.
The chaos spawn closely misses you. The ufetubus barely misses you. x2
You block the rust devil's attack.
You are too injured to fight recklessly!
You are too injured to fight recklessly!
You are too injured to fight recklessly!
You are too injured to fight recklessly!
You are too injured to fight recklessly!
You are too injured to fight recklessly!
You are too injured to fight recklessly!
You are too injured to fight recklessly!
You hit the kobold demonologist but do no damage.
The kobold demonologist is lightly wounded.
You hit the rust devil. You hit the ynoxinul.
You closely miss the brown ugly thing. You hit the chaos spawn.
You closely miss the manticore. You hit the ufetubus but do no damage.
You closely miss the ufetubus. The ufetubus barely misses you.
The ufetubus hits you.
You block the kobold demonologist's attack.
The manticore bites you!!
* * * LOW HITPOINT WARNING * * *
The manticore claws you. The manticore claws you!
* * * LOW HITPOINT WARNING * * *
The ufetubus hits you. The ufetubus closely misses you.
You block the ynoxinul's attack. The ufetubus hits you.
You block the ufetubus's attack. The brown ugly thing bites you!
* * * LOW HITPOINT WARNING * * *
You are splashed with acid!
You die...

#..........# , *
#.....##...# ..#*,
#.....##...# * ..#**
#.....##...# ...# *
#.....##...######...#
* ,*
#.....##............#
, #.....##......5...#
* #.....###....3u4..#
* , * * #...54@H5.# ,
, #...5K55..# * ,
#.....5...# ,, ,
#........... , ,
#............., , ,
#.........##.#*
#######...# ≈≈ , ...#
, , *, ≈≈≈ , ,


You could see a brown ugly thing, a manticore, a rust devil, a kobold
demonologist, a ynoxinul, a chaos spawn and 7 ufetubi.

Vanquished Creatures
  Harold (D:9)
  A centaur warrior (D:10)
  An ogre mage (D:10)
  A two-headed ogre (D:9)
  An unseen horror (D:10)
  3 deep elf magi
  2 gargoyles
  A tengu conjurer (D:10)
  2 trolls
  Grinder (D:4)
  A slime creature (D:11)
  2 hippogriffs (D:9)
  A spriggan (D:11)
  15 yaks
  A hungry ghost (D:7)
  Grum (D:10)
  A vampire mosquito (D:7)
  Menkaure (D:7)
  3 orc warriors
  3 ice beasts
  Duvessa (D:5)
  A phantom (D:4)
  2 sky beasts
  3 black bears
  A necrophage (D:10)
  7 ogres
  4 wolves (D:10)
  6 centaurs
  3 big kobolds
  8 bullfrogs
  A wyvern zombie (D:11)
  4 scorpions
  Dowan (D:5)
  9 killer bees
  11 wights
  7 howler monkeys
  4 crimson imps
  3 bullfrog zombies
  Crazy Yiuf (D:7)
  7 hounds
  A centaur skeleton (D:11)
  5 jellies
  4 orc priests
  6 orc wizards
  8 iguanas
  6 worker ants
  A hound zombie (D:11)
  A hound skeleton (D:7)
  3 gnolls (D:7)
  A howler monkey skeleton (D:9)
  15 adders
  3 shadow imps
  An ooze (D:7)
  An adder zombie (D:9)
  An adder skeleton (D:8)
  2 worms
  A dart slug (D:1)
  8 leopard geckos
  41 orcs
  7 giant cockroaches
  3 goblins
  4 hobgoblins
  2 jackals (D:2)
  2 quokkas
  4 bats
  5 frilled lizards
  18 kobolds
  A leopard gecko skeleton (D:2)
  A quokka skeleton (D:5)
  4 rats
287 creatures vanquished.

Notes
Turn   | Place    | Note
-------+----------+-------------------------------------------
     0 | D:1      | EnegeticOcto the Deep Dwarf Fighter began the quest for the
                  | Orb.
     0 | D:1      | Reached XP level 1. HP: 20/20 MP: 1/1
    93 | D:1      | Reached XP level 2. HP: 25/27 MP: 2/2
   310 | D:2      | Reached XP level 3. HP: 31/34 MP: 3/3
   495 | D:2      | Found an ornate altar of the Wu Jian Council.
   500 | D:2      | Found a sacrificial altar of Ru.
   514 | D:2      | Found an iron altar of Okawaru.
   786 | D:4      | Noticed an ogre
   793 | D:4      | Reached skill level 1 in Dodging
   797 | D:4      | Killed an ogre
   797 | D:4      | Reached XP level 4. HP: 24/42 MP: 4/4
   837 | D:4      | Reached XP level 5. HP: 28/49 MP: 5/5
   920 | D:4      | Noticed an ogre
   934 | D:4      | Killed an ogre
   934 | D:4      | Reached XP level 6. HP: 29/57 MP: 6/6
   990 | D:4      | Noticed Grinder
   998 | D:4      | Paralysed by Grinder for 2 turns
  1006 | D:4      | Killed Grinder
  1006 | D:4      | Reached XP level 7. HP: 42/66 MP: 7/7
  1157 | D:4      | Reached skill level 5 in Axes
  1501 | D:5      | Entered Level 5 of the Dungeon
  1517 | D:5      | Reached skill level 5 in Fighting
  1564 | D:5      | Noticed Dowan
  1564 | D:5      | Noticed Duvessa
  1573 | D:5      | Killed Dowan
  1580 | D:5      | Killed Duvessa
  1580 | D:5      | Reached skill level 5 in Armour
  1580 | D:5      | Reached skill level 5 in Shields
  1580 | D:5      | Reached XP level 8. HP: 32/74 MP: 6/6
  2289 | D:6      | Found a blossoming altar of Fedhas.
  2638 | D:6      | Found a staircase to the Ecumenical Temple.
  2719 | Temple   | Entered the Ecumenical Temple
  2790 | Temple   | Became a worshipper of Makhleb the Destroyer
  2900 | D:6      | Reached skill level 1 in Invocations
  3029 | D:6      | Found a runed translucent door.
  3030 | D:6      | Found a shimmering altar of Xom.
  3030 | D:6      | Noticed kae's ghost (novice DsGl)
  3030 | D:6      | Noticed a +1 mace of chaos
  3256 | D:7      | Gained mutation: You passively map the area around you.
                  | [Deep Dwarf growth]
  3256 | D:7      | Reached XP level 9. HP: 55/82 MP: 7/7
  3426 | D:7      | Noticed a gargoyle
  3482 | D:7      | Killed a gargoyle
  3482 | D:7      | Reached skill level 5 in Dodging
  3507 | D:7      | Reached * piety under Makhleb
  3625 | D:7      | Reached skill level 5 in Invocations
  3875 | D:7      | Found a runed translucent door.
  3876 | D:7      | Found the +8 whip "Snakebite" {curare, rPois}
  3878 | D:7      | Noticed Crazy Yiuf
  3888 | D:7      | Killed Crazy Yiuf
  3931 | D:7      | Noticed Menkaure
  3941 | D:7      | Killed Menkaure
  4035 | D:7      | You fall into a shaft and drop 2 floors!
  4035 | D:9      | Noticed a two-headed ogre
  4049 | D:9      | Killed a two-headed ogre
  4049 | D:9      | Reached XP level 10. HP: 43/94 MP: 9/9
  4097 | D:8      | Reached ** piety under Makhleb
  4605 | D:9      | Noticed Harold
  4610 | D:9      | Found a staircase to the Lair.
  4629 | D:9      | Killed Harold
  4997 | D:9      | Reached *** piety under Makhleb
  5022 | D:10     | Entered Level 10 of the Dungeon
  5022 | D:10     | Noticed Grum
  5033 | D:10     | Killed Grum
  5041 | D:10     | Reached XP level 11. HP: 103/103 MP: 11/11
  5066 | D:10     | Noticed a centaur warrior
  5094 | D:10     | Killed a centaur warrior
  5095 | D:10     | Noticed a deep elf mage
  5106 | D:10     | Killed a deep elf mage
  5132 | D:10     | Noticed a deep elf mage
  5133 | D:10     | Identified the +1 rapier of the Ship {flame, Dex+3}
  5139 | D:10     | Noticed an ogre mage
  5145 | D:10     | Reached skill level 10 in Axes
  5164 | D:10     | Killed an ogre mage
  5187 | D:10     | Killed a deep elf mage
  5211 | D:10     | Killed an unseen horror
  5242 | D:10     | Got a scintillating wooden ring
  5253 | D:10     | Identified the ring "Gaiss" {rPois rF+} (You found it on
                  | level 10 of the Dungeon)
  5415 | D:10     | Reached **** piety under Makhleb
  5857 | D:10     | Noticed Psyche
  5858 | D:10     | Noticed Psyche
  5858 | D:10     | Psyche changed into Psyche the ogre
  5866 | D:10     | Killed Psyche the ogre
  6236 | D:11     | Found a staircase to the Orcish Mines.
  6300 | D:11     | Found a viscous altar of Jiyva.
  6332 | D:11     | Reached skill level 10 in Invocations
  6376 | D:11     | Noticed a deep elf mage
  6383 | D:11     | Noticed a brown ugly thing
  6394 | D:11     | Killed a deep elf mage
  6394 | D:11     | Reached ***** piety under Makhleb
  6394 | D:11     | Reached XP level 12. HP: 115/115 MP: 9/9
  6402 | D:11     | HP: 3/115 [brown ugly thing (8)]
  6402 | D:11     | Splashed by a brown ugly thing's acid

Levels and vault maps discovered:
D:1:      dpeg_arrival_concentric_ovals, layout_basic, serial_forest,
          infiniplex_forest_straight_3, infiniplex_forest_clump_long,
          infiniplex_forest_straight_4, infiniplex_forest_zigzag_1
D:2:      layout_rooms, minmay_overflow_temple_star_quad
D:3:      layout_basic, elyvilon_altar_1, first_ration
D:4:      layout_basic, serial_bayou_lake_a, uniq_grinder
D:5:      layout_loops_ring, uniq_duvessa
D:6:      layout_cave_pods, temple_doors_ab, ebering_ghost_xom, fedhas_altar_3
D:7:      layout_loops_ring, serial_park_tiny_2, minmay_manual_moon,
          uniq_menkaure, uniq_crazy_yiuf_cottage
D:8:      layout_rooms
D:9:      layout_basic, lair_entry_dummy, uniq_harold
D:10:     minmay_cut_squares, layout_loops_corners, uniq_psyche, uniq_grum
D:11:     layout_basic, orc_0_dummy, hangedman_stone_soup, jiyva_altar_1
Temple:   dpeg_five_rooms_temple

Skill      XL: |  1  2  3  4  5  6  7  8  9 10 11 |
---------------+----------------------------------+-----
Fighting       | 3 4 5 6 7 8 9 |  9.4
Axes           | 3 4 5 7 8 9 10 | 10.8
Dodging        | 1 2 3 4 5 6 7 |  7.4
Armour         | 4 5 6 7 8 |  8.3
Shields        | 4 5 6 7 8 |  8.3
Invocations    | 2 5 7 10 | 10.0

Action                   |  1- 3 |  4- 6 |  7- 9 | 10-12 || total
-------------------------+-------+-------+-------+-------++-------
Melee: War axe           |    72 |    44 |    65 |       ||   181
       Hand axe          |       |       |   381 |   536 ||   917
 Abil: Heal Wounds       |     1 |     3 |    13 |    17 ||    34
Evoke: Wand              |       |     8 |     1 |     1 ||    10
  Use: Scroll            |       |       |    12 |     3 ||    15
       Potion            |       |       |     2 |       ||     2
  Eat: Chunk             |       |     1 |    13 |     8 ||    22
       Ration            |       |       |     1 |       ||     1
Armor: Scale mail        |    40 |    24 |    55 |       ||   119
       Chain mail        |       |       |    93 |   219 ||   312
Dodge: Dodged            |    30 |    27 |   142 |   224 ||   423
Block: Kite shield       |    47 |    28 |   222 |   369 ||   666

Table legend:
 A = Non-vault XP
 B = Vault XP
 C = Vault XP percentage of total XP
 D = Non-vault monster count
 E = Vault monster count
 F = Vault count percentage of total count
                 A         B        C        D         E       F
            +---------+---------+-------+---------+---------+-------
      Total |   13051 |    9169 |  41.3 |     254 |      33 |  11.5
            +---------+---------+-------+---------+---------+-------
        D:1 |      15 |       0 |   0.0 |       8 |       0 |   0.0
        D:2 |      45 |       0 |   0.0 |      19 |       0 |   0.0
        D:3 |       7 |       0 |   0.0 |       2 |       0 |   0.0
        D:4 |     759 |     295 |  28.0 |      24 |       1 |   4.0
        D:5 |     265 |     195 |  42.4 |      11 |       2 |  15.4
        D:6 |     957 |       0 |   0.0 |      22 |       0 |   0.0
        D:7 |    1514 |    1235 |  44.9 |      35 |       8 |  18.6
        D:8 |     896 |       0 |   0.0 |      32 |       0 |   0.0
        D:9 |    3166 |    1002 |  24.0 |      34 |       1 |   2.9
       D:10 |    3865 |    5298 |  57.8 |      46 |      14 |  23.3
       D:11 |    1562 |    1144 |  42.3 |      21 |       7 |  25.0
            +---------+---------+-------+---------+---------+-------
